[ AOE2 MATCH · #507072222 ]
UnrankedSpanish vs Tupi
Player's team · WIN
Rival team · LOSS
[ REPLAY ANALYSIS · EXTRACTED FROM THE RECORDED GAME ]
Feudal
11:46
Castle
23:48
Imperial
—
| APM avg | 41.3 |
| APM peak | 67 |
| eAPM avg | 21.4 |
| Villagers / military | 56 / 0 |
Focus
⚔️ 29.9% · 🌾 70.1%
Feudal
10:09
Castle
—
Imperial
—
| APM avg | 35.3 |
| APM peak | 74 |
| eAPM avg | 22.4 |
| Villagers / military | 49 / 0 |
Focus
⚔️ 42.3% · 🌾 57.7%
Unknown (2550) ×10
Match map
Initial resources + every placement click. Lines = walls · curves = elevation contours. ◆ gold · ⬟ stone · ● berries · ✦ relic · ◌ wall gap
Your base· Open — 6t gap
gupo57's base· Open — unwalled flank
Smoothed initial terrain · ◌ = detected wall gap · hover for details
Inputs per minute
— JonSlow - - gupo57
Build order — JonSlow
134 actions detected in the replay
| 0:01 | Queue | Villager (Male) |
| 0:02 | Queue | Villager (Male) |
| 0:02 | Queue | Villager (Male) |
| 0:02 | Queue | Villager (Male) |
| 0:03 | Build | House |
| 0:05 | Build | House |
| 1:24 | Queue | Villager (Male) |
| 1:50 | Build | Lumber Camp |
| 1:54 | Queue | Villager (Male) |
| 1:54 | Queue | Villager (Male) |
| 2:21 | Queue | Villager (Male) |
| 2:21 | Queue | Villager (Male) |
| 2:54 | Queue | Villager (Male) |
| 2:54 | Queue | Villager (Male) |
| 2:55 | Queue | Villager (Male) |
| 3:11 | Build | House |
| 3:32 | Queue | Villager (Male) |
| 3:32 | Queue | Villager (Male) |
| 3:52 | Build | Mill |
| 4:00 | Queue | Villager (Male) |
| 4:00 | Queue | Villager (Male) |
| 4:13 | Queue | Villager (Male) |
| 4:14 | Queue | Villager (Male) |
| 4:47 | Queue | Villager (Male) |
| 4:47 | Queue | Villager (Male) |
| 4:47 | Queue | Villager (Male) |
| 5:34 | Queue | Villager (Male) |
| 5:35 | Queue | Villager (Male) |
| 5:35 | Queue | Villager (Male) |
| 5:37 | Build | House |
| 5:58 | Queue | Villager (Male) |
| 6:29 | Queue | Villager (Male) |
| 6:48 | Research | Loom |
| 7:34 | Build | Palisade Wall |
| 7:36 | Build | Palisade Wall |
| 7:38 | Build | Palisade Wall |
| 7:53 | Queue | Villager (Male) |
| 7:54 | Queue | Villager (Male) |
| 8:00 | Build | House |
| 8:02 | Build | Mining Camp |
| 8:09 | Build | Palisade Wall |
| 8:10 | Build | Palisade Wall |
| 8:21 | Queue | Villager (Male) |
| 8:28 | Build | Farm |
| 8:31 | Build | Farm |
| 9:01 | Research | Feudal Age |
| 9:01 | Research | Feudal Age |
| 9:17 | Build | Mining Camp |
| 9:41 | Queue | Villager (Male) |
| 9:42 | Queue | Villager (Male) |
| 10:40 | Build | House |
| 10:45 | Build | House |
| 11:01 | Build | Palisade Wall |
| 11:16 | Build | Palisade Wall |
| 11:17 | Build | Palisade Wall |
| 11:46 | Age | Feudal Age |
| 11:48 | Build | Watch Tower |
| 11:51 | Queue | Villager (Male) |
| 12:17 | Build | Palisade Wall |
| 12:19 | Build | Palisade Wall |
| 12:20 | Build | Palisade Wall |
| 12:21 | Build | Palisade Wall |
| 12:29 | Queue | Villager (Male) |
| 12:46 | Queue | Villager (Male) |
| 12:51 | Build | Watch Tower |
| 13:28 | Queue | Villager (Male) |
| 13:43 | Queue | Villager (Male) |
| 13:51 | Build | Palisade Wall |
| 14:13 | Queue | Villager (Male) |
| 14:21 | Queue | Villager (Male) |
| 14:23 | Queue | Villager (Male) |
| 14:24 | Research | Double-Bit Axe |
| 14:24 | Research | Double-Bit Axe |
| 14:26 | Build | Blacksmith |
| 14:45 | Build | Farm |
| 14:47 | Queue | Villager (Male) |
| 14:51 | Build | Market |
| 15:01 | Build | Farm |
| 15:04 | Build | Watch Tower |
| 15:05 | Queue | Villager (Male) |
| 15:14 | Research | Fletching |
| 15:14 | Research | Fletching |
| 15:15 | Queue | Villager (Male) |
| 15:19 | Build | Farm |
| 15:37 | Build | Watch Tower |
| 15:38 | Queue | Villager (Male) |
| 15:52 | Build | Watch Tower |
| 15:55 | Queue | Villager (Male) |
| 15:59 | Build | Farm |
| 16:00 | Queue | Villager (Male) |
| 16:04 | Build | Farm |
| 16:13 | Queue | Villager (Male) |
| 16:17 | Build | Farm |
| 16:24 | Build | House |
| 16:54 | Queue | Villager (Male) |
| 17:08 | Queue | Villager (Male) |
| 17:30 | Build | House |
| 17:32 | Queue | Villager (Male) |
| 17:38 | Build | Watch Tower |
| 17:46 | Build | Farm |
| 17:49 | Build | Farm |
| 17:52 | Build | Farm |
| 17:53 | Queue | Villager (Male) |
| 18:01 | Build | Farm |
| 18:05 | Build | Farm |
| 18:40 | Queue | Villager (Male) |
| 19:08 | Build | Farm |
| 19:20 | Build | Outpost |
| 19:35 | Research | Town Watch |
| 19:35 | Research | Town Watch |
| 19:37 | Build | House |
| 19:55 | Build | Watch Tower |
| 20:02 | Build | House |
| 20:08 | Queue | Villager (Male) |
| 20:27 | Build | House |
| 20:43 | Queue | Villager (Male) |
| 20:49 | Build | Watch Tower |
| 21:07 | Research | Castle Age |
| 21:07 | Research | Castle Age |
| 21:23 | Build | Palisade Wall |
| 21:25 | Build | Palisade Wall |
| 21:26 | Build | Palisade Wall |
| 21:27 | Build | Palisade Wall |
| 22:31 | Build | Palisade Wall |
| 22:32 | Build | Palisade Wall |
| 22:33 | Build | Palisade Wall |
| 23:21 | Build | Farm |
| 23:44 | Build | Mining Camp |
| 23:48 | Age | Castle Age |
| 23:54 | Queue | Villager (Male) |
| 23:54 | Queue | Villager (Male) |
| 23:56 | Research | Bow Saw |
| 23:56 | Research | Bow Saw |
| 23:58 | Queue | Villager (Male) |
Build order — gupo57
107 actions detected in the replay
| 0:02 | Build | House |
| 0:04 | Build | House |
| 0:16 | Queue | Villager (Male) |
| 0:16 | Queue | Villager (Male) |
| 0:16 | Queue | Villager (Male) |
| 0:18 | Queue | Villager (Male) |
| 0:18 | Queue | Villager (Male) |
| 1:20 | Queue | Villager (Male) |
| 1:35 | Build | House |
| 1:46 | Build | House |
| 2:17 | Queue | Villager (Male) |
| 2:26 | Queue | Villager (Male) |
| 2:26 | Queue | Villager (Male) |
| 2:27 | Queue | Villager (Male) |
| 2:47 | Build | Settlement |
| 2:50 | Queue | Villager (Male) |
| 2:50 | Queue | Villager (Male) |
| 3:21 | Build | House |
| 3:29 | Queue | Villager (Male) |
| 4:18 | Build | House |
| 4:39 | Queue | Villager (Male) ×4 |
| 5:14 | Queue | Villager (Male) |
| 5:15 | Queue | Villager (Male) |
| 5:15 | Queue | Villager (Male) |
| 5:15 | Research | Loom |
| 7:07 | Build | Barracks |
| 7:54 | Research | Feudal Age |
| 8:08 | Queue | Unit 2550 |
| 8:08 | Queue | Unit 2550 |
| 8:30 | Build | Settlement |
| 8:43 | Queue | Unit 2550 |
| 10:09 | Age | Feudal Age |
| 10:13 | Build | Watch Tower |
| 10:14 | Research | Tech 1402 |
| 10:22 | Queue | Villager (Male) |
| 10:22 | Queue | Villager (Male) |
| 10:24 | Research | Double-Bit Axe |
| 10:25 | Queue | Villager (Male) |
| 11:24 | Build | Stone Wall |
| 11:27 | Build | Stone Wall |
| 11:29 | Build | Watch Tower |
| 11:37 | Queue | Villager (Male) |
| 11:54 | Build | Stone Wall |
| 11:56 | Build | Stone Wall |
| 11:59 | Build | Stone Wall |
| 12:01 | Build | Stone Wall |
| 12:34 | Build | Watch Tower |
| 12:40 | Build | Watch Tower |
| 13:01 | Queue | Villager (Male) |
| 13:02 | Queue | Villager (Male) |
| 13:15 | Build | Stone Wall |
| 13:16 | Build | Stone Wall |
| 13:39 | Queue | Unit 2550 |
| 13:40 | Queue | Unit 2550 |
| 13:44 | Queue | Villager (Male) |
| 13:44 | Queue | Villager (Male) |
| 14:37 | Build | Watch Tower |
| 14:47 | Queue | Villager (Male) |
| 14:48 | Queue | Villager (Male) |
| 14:56 | Build | Farm |
| 15:19 | Queue | Unit 2550 |
| 15:20 | Queue | Villager (Male) |
| 15:20 | Queue | Villager (Male) |
| 16:04 | Build | Watch Tower |
| 16:09 | Queue | Villager (Male) |
| 16:09 | Queue | Villager (Male) |
| 16:10 | Build | Farm |
| 16:11 | Build | Farm |
| 16:11 | Build | Farm |
| 16:15 | Build | Farm |
| 17:12 | Queue | Villager (Male) |
| 17:12 | Queue | Villager (Male) |
| 17:13 | Build | Farm |
| 18:01 | Build | Farm |
| 18:02 | Queue | Villager (Male) |
| 18:02 | Queue | Villager (Male) |
| 18:33 | Build | Watch Tower |
| 18:34 | Queue | Villager (Male) |
| 18:35 | Queue | Villager (Male) |
| 18:45 | Queue | Unit 2550 |
| 18:45 | Queue | Unit 2550 |
| 19:21 | Queue | Villager (Male) |
| 19:23 | Build | Farm |
| 19:43 | Build | Watch Tower |
| 19:47 | Queue | Villager (Male) |
| 19:47 | Queue | Villager (Male) |
| 19:52 | Build | Farm |
| 20:05 | Build | Watch Tower |
| 20:13 | Build | Stone Wall |
| 20:14 | Build | Stone Wall |
| 20:48 | Queue | Villager (Male) |
| 20:48 | Queue | Villager (Male) |
| 20:50 | Build | Farm |
| 20:55 | Build | Farm |
| 21:14 | Queue | Unit 2550 |
| 21:14 | Queue | Unit 2550 |
| 21:58 | Queue | Villager (Male) |
| 21:58 | Queue | Villager (Male) |
| 22:01 | Build | Farm |
| 22:02 | Build | Settlement |
| 22:05 | Build | House |
| 22:10 | Build | Farm |
| 22:28 | Build | Blacksmith |
| 22:31 | Build | Market |
| 22:35 | Queue | Villager (Male) |
| 22:35 | Queue | Villager (Male) |
| 23:40 | Research | Castle Age |
Match timeline
| 7:07 | gupo57 · first_building Barracks |
| 7:34 | JonSlow · wall_segment Palisade Wall x5 |
| 7:36 | JonSlow · wall_segment Palisade Wall x1 |
| 7:38 | JonSlow · wall_segment Palisade Wall x4 |
| 8:09 | JonSlow · wall_segment Palisade Wall x1 |
| 8:10 | JonSlow · wall_segment Palisade Wall x1 |
| 10:09 | gupo57 · age_up feudal |
| 11:01 | JonSlow · wall_segment Palisade Wall x8 |
| 11:16 | JonSlow · wall_segment Palisade Wall x1 |
| 11:17 | JonSlow · wall_segment Palisade Wall x1 |
| 11:24 | gupo57 · wall_segment Stone Wall x1 |
| 11:27 | gupo57 · wall_segment Stone Wall x1 |
| 11:46 | JonSlow · age_up feudal |
| 11:54 | gupo57 · wall_segment Stone Wall x1 |
| 11:56 | gupo57 · wall_segment Stone Wall x1 |
| 11:59 | gupo57 · wall_segment Stone Wall x1 |
| 12:01 | gupo57 · wall_segment Stone Wall x1 |
| 12:17 | JonSlow · wall_segment Palisade Wall x1 |
| 12:19 | JonSlow · wall_segment Palisade Wall x1 |
| 12:20 | JonSlow · wall_segment Palisade Wall x1 |
| 12:21 | JonSlow · wall_segment Palisade Wall x1 |
| 13:15 | gupo57 · wall_segment Stone Wall x1 |
| 13:16 | gupo57 · wall_segment Stone Wall x1 |
| 13:51 | JonSlow · wall_segment Palisade Wall x1 |
| 19:10 | JonSlow · first_market_buy 100 food |
| 19:14 | JonSlow · first_market_sell 100 wood |
| 20:13 | gupo57 · wall_segment Stone Wall x1 |
| 20:14 | gupo57 · wall_segment Stone Wall x1 |
| 21:23 | JonSlow · wall_segment Palisade Wall x1 |
| 21:25 | JonSlow · wall_segment Palisade Wall x1 |
| 21:26 | JonSlow · wall_segment Palisade Wall x1 |
| 21:27 | JonSlow · wall_segment Palisade Wall x1 |
| 22:31 | JonSlow · wall_segment Palisade Wall x1 |
| 22:32 | JonSlow · wall_segment Palisade Wall x1 |
| 22:33 | JonSlow · wall_segment Palisade Wall x1 |
| 23:39 | gupo57 · first_market_sell 100 wood |
| 23:48 | JonSlow · age_up castle |
| 24:01 | gupo57 · resign |
[ AI ANALYSIS · 1 CREDIT ]
What really happened in this match?
Wolo.gg analyzes every decision: build order, eco, micro, common mistakes by bracket. Personalized analysis on WhatsApp or Discord in 30 seconds.
Civ guide
Spanish
Perfil
Jugador #208269